 Dungeon Crawl Stone Soup version 0.19-a0-1908-g43c011f (webtiles) character file.

2347 wazuzu the Basher (level 9, -14/74 HPs)
             Began as a Deep Dwarf Berserker on Oct 22, 2016.
             Was a Believer of Trog.
             Demolished by an orc warrior
             ... wielding a +0 bardiche
              (16 damage)
             ... in a bailey.
             The game lasted 00:21:50 (5922 turns).

wazuzu the Basher (Deep Dwarf Berserker)            Turns: 5922, Time: 00:21:51

Health: -14/74     AC: 19    Str: 26    XL:     9   Next: 20%
Magic:  9/9        EV:  9    Int: 15    God:    Trog [**....]
Gold:   262        SH:  0    Dex: 11    Spells: 0 memorised, 8 levels left

rFire  + + +     SeeInvis .     A - +3 flail "Riut" {crush, *Drain rF+++ Int+4}
rCold  + . .     Gourm    .     j - +5 chain mail
rNeg   . . .     Faith    .     (no shield)
rPois  .         Spirit   .     (no helmet)
rElec  +         Reflect  .     z - +0 cloak {+Inv}
rCorr  .         Harm     .     C - +0 pair of gloves of New Discoveries {rElec Str+3 Int+2}
MR     +++..                    n - +0 pair of boots
Stlth  ..........               (no amulet)
                                w - ring of protection from cold
                                F - +3 ring of dexterity

@: non-regenerating
A: damage resistance, recharge devices, yellow scales 1, clumsy 2, sense
surroundings 2, slow regeneration 3
a: Device Recharging, Berserk, Trog's Hand, Burn Spellbooks, Renounce Religion,
Evoke Invisibility


You were in a bailey.
You worshipped Trog.
Trog was pleased with you.
You were very hungry.

You visited 2 branches of the dungeon, and saw 9 of its levels.
You also visited: Bailey.

You collected 289 gold pieces.
You spent 27 gold pieces at shops.

Inventory:

Hand Weapons
 A - the +3 flail "Riut" (weapon) {crush, *Drain rF+++ Int+4}
   (You found it on level 6 of the Dungeon)

   It inflicts extra damage upon your enemies.
   It affects your intelligence (+4).
   It renders you almost immune to fire.
   It causes draining when unequipped.
Armour
 j - a +5 chain mail (worn)
 n - a +0 pair of boots (worn)
 t - a +0 large shield
 z - a +0 cloak of invisibility (worn)
 C - the +0 pair of gloves of New Discoveries (worn) {rElec Str+3 Int+2}
   (You found it on level 6 of the Dungeon)

   It affects your strength (+3).
   It affects your intelligence (+2).
   It insulates you from electricity.
Jewellery
 w - a ring of protection from cold (right hand)
 F - a +3 ring of dexterity (left hand)
Wands
 c - a wand of heal wounds (7/9)
 y - a wand of flame (0/48)
 G - a wand of digging (7/24)
Scrolls
 m - a scroll of teleportation
 q - a scroll of fog
 v - 2 scrolls of enchant armour
 x - a scroll of magic mapping
 B - a scroll of fear
Potions
 b - 2 potions of resistance {unknown}
 e - 3 potions of degeneration {unknown}
 f - 5 potions of haste
 h - a potion of brilliance {unknown}
 k - 2 potions of heal wounds
 l - a potion of flight
 r - 4 potions of curing
 E - a potion of experience {unknown}
Comestibles
 d - 3 bread rations
 i - 2 meat rations
 o - 2 slices of pizza
 p - 2 beef jerkies
 s - 4 fruits


   Skills:
 - Level 2.6 Fighting
 + Level 12.4 Maces & Flails
 - Level 2.1 Armour
 - Level 2.1 Dodging


You had 8 spell levels left.
You didn't know any spells.

Dungeon Overview and Level Annotations

Branches:
Dungeon (8/15)             Temple (1/1) D:7
   Lair: D:8-11

Altars:
Ashenzari
Cheibriados
Elyvilon
Fedhas
Gozag
Hepliaklqana
Kikubaaqudgha
Makhleb
Okawaru
Qazlal
Ru
Sif Muna
Trog
Uskayaw
Vehumet
Xom
Yredelemnul
Zin
The Shining One

Shops:
D:4 }![   D:7 (


Innate Abilities, Weirdness & Mutations

You are resistant to damage.
You can recharge devices by infusing magical energy.
You passively map the area around you.
You do not regenerate.
You are partially covered in yellow scales. (AC +2)
You are very clumsy. (Dex -4)


Message History

You closely miss the orc warrior.
The orc warrior is moderately wounded.
The orc warrior hits you but does no damage.
The orc warrior shoots a bolt.
The bolt hits you.
* * * LOW HITPOINT WARNING * * *
Your skin crawls.
You feel resistant to hostile enchantments.
You are feeling very hungry.
You hit the orc warrior.
The orc warrior is heavily wounded.
The orc warrior closely misses you.
You closely miss the orc warrior.
The orc warrior is heavily wounded.
The orc warrior shoots a bolt.
The bolt hits you!!
* * * LOW HITPOINT WARNING * * *
You hit the orc warrior but do no damage.
The orc warrior is heavily wounded.
You feel the effects of Trog's Hand fading.
The orc warrior hits you with a bardiche!!
You die...

......≈oo , , , (.....≈## ,
......≈≈# ≈ ,, , ,
(......≈≈≈≈≈ , #* , (.........
, , #. , ........... , ##. + *
,,, .(........., #.. , *
........... #.### * **, ,
........... #.@o# , *
........... #.###, * * ** , ,
............, #.')# ,* ,* , ,
, ..(.......... #o### * * ..
.............##..# ∩ ,,*...
(.(..............# +* *#... ,,
.................#* ,, ,
#...., .......≈≈≈≈≈.....# ,,,
#....≈≈≈
(.....≈≈#.#≈≈....#######....≈≈
,


You could see 2 orc warriors.

Vanquished Creatures
  The ghost of Philosophy the Archer, a novice CeHu (D:5)
  Grinder (D:5)
  Duvessa (D:5)
  An orc warrior (D:5)
  A phantom (D:4)
  A sky beast (D:7)
  An ogre (D:7)
  3 centaurs (D:7)
  3 bullfrogs
  Dowan (D:5)
  2 scorpions
  A howler monkey (D:4)
  2 crimson imps (D:6)
  A centaur skeleton (D:5)
  4 orc priests
  2 iguanas
  Crazy Yiuf (D:5)
  Terence (D:2)
  4 orc wizards
  2 worker ants
  6 adders
  4 gnolls
  2 worms
  2 dart slugs
  4 leopard geckos
  12 orcs
  6 bats
  4 giant cockroaches
  8 goblins
  8 hobgoblins
  3 jackals (D:1)
  11 kobolds
  2 ball pythons (D:1)
  3 frilled lizards (D:3)
  A leopard gecko skeleton (D:4)
  A quokka skeleton (D:4)
  7 rats
118 creatures vanquished.

Vanquished Creatures (others)
  5 dream sheep (D:6)
  7 toadstools (D:1)
12 creatures vanquished.

Grand Total: 130 creatures vanquished

Notes
Turn   | Place    | Note
-------+----------+-------------------------------------------
     0 | D:1      | wazuzu the Deep Dwarf Berserker began the quest for the Orb.
     0 | D:1      | Reached XP level 1. HP: 20/20 MP: 1/1
   234 | D:1      | Reached XP level 2. HP: 17/27 MP: 2/2
   865 | D:1      | Reached skill level 4 in Maces & Flails
  1282 | D:1      | Reached XP level 3. HP: 15/33 MP: 3/3
  1680 | D:2      | Noticed Terence
  1712 | D:2      | Killed Terence
  1712 | D:2      | Reached skill level 5 in Maces & Flails
  1712 | D:2      | Reached XP level 4. HP: 34/40 MP: 4/4
  1758 | D:2      | Reached ** piety under Trog
  2291 | D:3      | Found a basalt altar of Yredelemnul.
  2292 | D:3      | Found a bloodstained altar of Trog.
  2295 | D:3      | Found a sacrificial altar of Ru.
  2297 | D:3      | Found a hazy altar of Hepliaklqana.
  2297 | D:3      | Found a deep blue altar of Sif Muna.
  2298 | D:3      | Found a hide-covered altar of Uskayaw.
  2435 | D:3      | Found an iron altar of Okawaru.
  2503 | D:3      | Reached XP level 5. HP: 46/46 MP: 5/5
  2754 | D:4      | Found Atruro's Armour Shoppe.
  2818 | D:4      | Noticed a phantom
  2865 | D:4      | Killed a phantom
  2865 | D:4      | Reached skill level 6 in Maces & Flails
  2890 | D:4      | Found Cifeul's Distillery.
  2893 | D:4      | Bought a potion of mutation for 27 gold pieces
  2897 | D:4      | Found Vukkiasm's Gadget Boutique.
  2908 | D:4      | Reached XP level 6. HP: 43/55 MP: 6/6
  3032 | D:4      | Reached skill level 7 in Maces & Flails
  3105 | D:4      | Found an opulent altar of Gozag.
  3302 | D:4      | Found a faded altar of an unknown god.
  3302 | D:4      | Found a faded altar of an unknown god.
  3307 | D:4      | Found a faded altar of an unknown god.
  3309 | D:4      | Found an ancient bone altar of Kikubaaqudgha.
  3314 | D:4      | Found a faded altar of an unknown god.
  3490 | D:5      | Entered Level 5 of the Dungeon
  3795 | D:5      | Noticed Grinder
  3812 | D:5      | Killed Grinder
  3812 | D:5      | Reached skill level 8 in Maces & Flails
  3812 | D:5      | Reached XP level 7. HP: 61/61 MP: 7/7
  3915 | D:5      | Noticed Dowan
  3916 | D:5      | Noticed Duvessa
  3922 | D:5      | Killed Duvessa
  3922 | D:5      | Reached skill level 9 in Maces & Flails
  3929 | D:5      | Killed Dowan
  4150 | D:5      | Found a runed door.
  4154 | D:5      | Noticed Crazy Yiuf
  4154 | D:5      | Noticed Philosophy's ghost (novice CeHu)
  4165 | D:5      | Killed Philosophy's ghost
  4165 | D:5      | Reached skill level 10 in Maces & Flails
  4165 | D:5      | Reached XP level 8. HP: 68/68 MP: 8/8
  4172 | D:5      | Killed Crazy Yiuf
  4325 | D:6      | Got a slimy flail
  4326 | D:6      | Identified the cursed +3 flail "Riut" {crush, *Drain rF+++ Int+4} (You found it on level 6 of the Dungeon)
  4340 | D:6      | Reached skill level 11 in Maces & Flails
  4396 | D:6      | Found a shimmering altar of Xom.
  4396 | D:6      | Noticed a dream sheep
  4396 | D:6      | Noticed a dream sheep
  4396 | D:6      | Noticed a dream sheep
  4396 | D:6      | Noticed a dream sheep
  4396 | D:6      | Noticed a dream sheep
  4402 | D:6      | Killed a dream sheep
  4402 | D:6      | Killed a dream sheep
  4402 | D:6      | Killed a dream sheep
  4402 | D:6      | Killed a dream sheep
  4402 | D:6      | Killed a dream sheep
  4474 | D:6      | Got a pair of twisted gloves
  4480 | D:6      | Identified the cursed +0 pair of gloves of New Discoveries {rElec Str+3 Int+2} (You found it on level 6 of the Dungeon)
  4990 | D:7      | Gained mutation: You passively map the area around you. [Deep Dwarf growth]
  4990 | D:7      | Reached XP level 9. HP: 59/74 MP: 9/9
  5027 | D:7      | Reached skill level 12 in Maces & Flails
  5028 | D:7      | Found Faxkefu's Antique Weapon Shoppe.
  5178 | D:7      | Gained mutation: Your magical capacity is low. (-10% MP) [mutagenic meat]
  5179 | D:7      | Gained mutation: You are clumsy. (Dex -2) [mutagenic meat]
  5180 | D:7      | Lost mutation: Your magical capacity is low. (-10% MP) [mutagenic meat]
  5180 | D:7      | Gained mutation: You are very clumsy. (Dex -4) [potion of mutation]
  5180 | D:7      | Gained mutation: You are partially covered in yellow scales. (AC +2) [potion of mutation]
  5269 | D:7      | Found a staircase to the Ecumenical Temple.
  5276 | Temple   | Entered the Ecumenical Temple
  5775 | D:8      | Found a flagged portal.
  5786 | D:8      | Got a warped halberd
  5791 | Bailey   | Entered a bailey
  5921 | Bailey   | HP: 1/74 [orc warrior/bolt (15)]
  5922 | Bailey   | Demolished by an orc warrior

Vault maps used:
D:1:      nagdon_arrival_double_spiral, serial_park_tiny_1
D:2:      uniq_terence
D:3:      okawaru_altar_gauntlet_db, grunt_temple_overflow_open,
          minmay_misc_feat_hallway
D:4:      chequers_temple_overflow_minitemple, first_bread, serial_shops,
          shop_fountains, kennysheep_mini_moat, shop_fountains, st_stairs_4,
          lemuel_tele_altar
D:5:      uniq_duvessa, uniq_crazy_yiuf_cottage, uniq_grinder
D:6:      kb_xom_exploding_sheep
D:7:      nicolae_whirlpool, serial_shops, shop
D:8:      grunt_dithmenos_smoke_and_mirrors, enter_bailey_2
Temple:   grunt_temple_mini_profane
Bailey:   bailey_polearm_2, bailey

Skill      XL: |  1  2  3  4  5  6  7  8  9 |
---------------+----------------------------+-----
Maces & Flails | 4 5 6 8 10 11 12 | 12.4
Fighting       | |  2.6
Armour         | |  2.1
Dodging        | |  2.1

Action                   |  1- 3 |  4- 6 |  7- 9 || total
-------------------------+-------+-------+-------++-------
Melee: Mace              |   152 |     2 |       ||   154
       Flail             |       |   204 |   179 ||   383
Invok: Trog's Hand       |       |     5 |     9 ||    14
       Berserk           |       |       |     1 ||     1
Evoke: Wand              |     1 |       |     8 ||     9
  Use: Scroll            |     8 |     3 |     7 ||    18
       Potion            |       |       |     1 ||     1
  Eat: Chunk             |     3 |     8 |    13 ||    24
Armor: Animal skin       |     3 |       |       ||     3
       Chain mail        |    98 |   137 |    97 ||   332
Dodge: Dodged            |    76 |   104 |   102 ||   282
